 Dungeon Crawl Stone Soup version 0.23.2-33-g5129a83184 (webtiles) character file.

Game seed: 4023073460410444513

53 Destapler the Ducker (level 3, 0/19 HPs)
             Began as a Spriggan Abyssal Knight on Aug 1, 2019.
             Was a Follower of Lugonu.
             Killed from afar by a dart slug (5 damage)
             ... with a slug dart
             ... on level 2 of the Dungeon.
             The game lasted 00:18:18 (3459 turns).

Destapler the Ducker (Spriggan Abyssal Knight)      Turns: 3459, Time: 00:18:20

Health: 0/19       AC:  2    Str:  8    XL:     3   Next: 62%
Magic:  5/5        EV: 20    Int: 13    God:    Lugonu [*.....]
Gold:   107        SH:  0    Dex: 16    Spells: 2/2 levels left

rFire    . . .     SeeInvis +   a - +1 short sword
rCold    . . .     Gourm    .   (shield restricted)
rNeg     . . .     Faith    .   b - +0 robe
rPois    +         Spirit   .   (helmet restricted)
rElec    .         Reflect  .   (no cloak)
rCorr    .         Harm     .   (gloves unavailable)
MR       .....                  (boots unavailable)
Stlth    ++........             (no amulet)
HPRegen  0.06/turn              d - ring of poison resistance
MPRegen  0.09/turn              (no ring)

@: very quick
A: very small, unfitting armour, see invisible, herbivore, speed 3, slow
metabolism 2
a: Depart the Abyss, Renounce Religion


You were on level 2 of the Dungeon.
You worshipped Lugonu.
Lugonu was aware of your devotion.
You were not hungry.

You visited 1 branch of the dungeon, and saw 2 of its levels.
You visited the Abyss 1 time.

You collected 107 gold pieces.

Inventory:

Hand Weapons
 a - a +1 short sword (weapon)
Missiles
 h - 6 stones (quivered)
Armour
 b - a +0 robe (worn)
Jewellery
 d - a ring of poison resistance (left hand)
Scrolls
 f - a scroll of teleportation {unknown}
 i - a scroll of blinking {unknown}
 j - a scroll of noise {unknown}
 k - 2 scrolls of identify {unknown}
 m - a scroll of enchant weapon {unknown}
Potions
 e - a potion of flight {unknown}
 g - a potion of might {unknown}
 l - a potion of resistance {unknown}
 n - a potion of lignification {unknown}
 o - a potion of heal wounds {unknown}
Comestibles
 c - 4 rations


   Skills:
 - Level 2.5 Fighting
 - Level 2.2 Short Blades
 + Level 5.0 Dodging
 + Level 3.2 Stealth
 - Level 1.8 Invocations


You had 2 spell levels left.
You didn't know any spells.
Your spell library was empty.

Dungeon Overview and Level Annotations

Branches:
Dungeon (2/15)

Altars:
Zin


Innate Abilities, Weirdness & Mutations

You are very small and have problems with some larger weapons.
You are too small for most types of armour.
You have supernaturally acute eyesight. (SInv)
You are a herbivore.
You cover ground extremely quickly.
You need to consume almost no food.


Message History

The dart slug is heavily wounded.
The dart slug bites you.
* * * LOW HITPOINT WARNING * * *
You start resting.
A frilled lizard comes into view.
You start resting.
The dart slug is too close now for your liking.
The dart slug launches a dart at you. The slug dart misses you.
You hit the dart slug.
The dart slug is severely wounded.
You hit the dart slug but do no damage.
The dart slug is severely wounded.
The dart slug bites you.
* * * LOW HITPOINT WARNING * * *
You hit the dart slug.
The dart slug is almost dead.
The dart slug launches a dart at you. The slug dart hits you.
You die...

.. #..# #........ ... #..
#........ ...####.. ## ......
........# .# #..# .....>..#
#.## ##..########
........###..#####......#....
....l......#.................
..!.#...##.#####..####.####..
... ###.##..@..<..##..†..##..
. #.#####w....#.......#..
#)####..##..#.......#..
#.w....###...).._......
#.....## ##.#†......#..
#.....# #.#.......#.. #†....#
#.##.....##.# #.....#
#.####.####.# #.....#
#...........#


You could see a dart slug.

Vanquished Creatures
  An adder (D:1)
  A worm (D:2)
  2 dart slugs (D:1)
  2 leopard geckos
  3 bats (D:1)
  7 goblins
  3 hobgoblins (D:1)
  9 kobolds
  5 frilled lizards
  2 rats (D:1)
35 creatures vanquished.

Notes
Turn   | Place    | Note
-------+----------+-------------------------------------------
     0 | Abyss:1  | Destapler the Spriggan Abyssal Knight began the quest for
                  | the Orb.
     0 | Abyss:1  | Reached XP level 1. HP: 11/11 MP: 3/3
    59 | Abyss:3  | Found a corrupted altar of Lugonu.
    59 | Abyss:3  | Noticed a dire elephant
    59 | Abyss:3  | Noticed a spatial vortex
    59 | Abyss:3  | Noticed a hellephant
    59 | Abyss:3  | Noticed a spatial maelstrom
    59 | Abyss:3  | Noticed a spatial vortex
    59 | Abyss:3  | Noticed a spatial vortex
    59 | Abyss:3  | Noticed a black draconian shifter
    60 | D:1      | Escaped the Abyss
   203 | D:1      | Reached * piety under Lugonu
   241 | D:1      | Reached skill level 4 in Dodging
   241 | D:1      | Reached skill level 1 in Stealth
   241 | D:1      | Reached XP level 2. HP: 16/16 MP: 4/4
   892 | D:2      | Reached XP level 3. HP: 13/19 MP: 5/5
  3318 | D:2      | Found a glowing silver altar of Zin.
  3403 | D:2      | Reached skill level 5 in Dodging
  3459 | D:2      | Killed from afar by a dart slug

Skill      XL: |  1  2  3 |
---------------+----------+-----
Dodging        | 4 5 |  5.0
Stealth        | 1 2 3 |  3.2
Fighting       | |  2.5
Short Blades   | |  2.2
Invocations    | |  1.8

Action                   || total
-------------------------++-------
Melee: Short sword       ||   129
Throw: Stone             ||     8
Invok: Depart the Abyss  ||     1
 Stab: Sleeping          ||     7
Armor: Robe              ||     3
Dodge: Dodged            ||    87
